Map: Lock & Load

Players

Harbinger

  • Race: Protoss Protoss
  • League: Silver
  • Spawn Location: 7:00

Nightningale

  • Race: Terran Terran
  • Spawn Location: 6:00

VOD

Have the link to the VOD?

Description

Time

  • Played on: April 22, 2020, 6:50 p.m.
  • Length: 17:01
Show
View Real Time Build Order
Export as new Build Order

Harbinger Protoss 

Build Orders:  

Get SALT Encoding   

  12  0:03  Probe (Chrono Boost)  
  13  0:18  Probe (Chrono Boost)  
  14  0:31  Pylon  
  14  0:33  Probe (Chrono Boost)  
  15  0:55  Probe (Chrono Boost)  
  15  0:56  Assimilator  
  16  1:11  Gateway  
  16  1:19  Probe (Chrono Boost)  
  17  1:21  Assimilator  
  17  1:33  Probe (Chrono Boost)  
  18  1:45  Gateway  
  18  2:06  Forge  
  18  2:21  Pylon  
  18  2:32  Probe (Chrono Boost)  
  18  2:36  Legionnaire  
  22  2:46  Probe (Chrono Boost)  
  23  2:56  Cybernetics Core  
  23  3:00  Kaldalis' A.I. Personality  
  23  3:12  Probe (Chrono Boost)  
  24  3:28  Probe (Chrono Boost)  
  25  3:42  Probe (Chrono Boost)  
  25  3:48  Adept  
  28  3:50  Talis' A.I. Personality  
  28  4:57  Robotics Facility  
  28  5:23  Nexus  
  28  5:34  Warp Gate  
  28  5:36  Purifier Armaments  
  28  5:39  Probe (Chrono Boost)  
  29  5:53  Probe (Chrono Boost)  
  29  5:58  Twilight Council  
  30  6:01  Forge  
  30  6:06  Probe (Chrono Boost)  
  31  7:03  Probe (Chrono Boost), Observer  
  33  7:30  Protoss Ground Weapons Level 1  
  33  7:31  Protoss Ground Armor Level 1  
  33  7:33  Probe (Chrono Boost)  
  33  7:36  Probe (Chrono Boost)  
  35  7:45  Immortal  
  35  7:47  Probe (Chrono Boost), Taldarin's A.I. Personality  
  40  7:50  Probe (Chrono Boost)  
  41  8:03  Adept x2  
  45  8:27  Gateway x2  
  45  8:31  Gateway x2  
  41  9:09  Probe (Chrono Boost)  
  41  9:14  Assimilator  
  41  9:19  Assimilator  
  42  9:23  Probe (Chrono Boost)  
  43  9:37  Probe (Chrono Boost)  
  39  10:30  Immortal  
  39  10:39  Adept  
  45  10:52  Pylon x2  
  45  10:54  Pylon  
  45  10:58  Pylon  
  45  10:59  Pylon  
  45  11:07  Robotics Bay  
  45  11:18  Robotics Facility  
  45  11:25  Probe (Chrono Boost), Immortal  
  45  11:27  Probe (Chrono Boost)  
  51  11:39  Probe (Chrono Boost)  
  52  11:41  Probe (Chrono Boost)  
  52  11:43  Pylon  
  52  11:47  Pylon  
  52  11:52  Probe (Chrono Boost)  
  52  11:55  Probe (Chrono Boost)  
  54  12:06  Probe (Chrono Boost)  
  54  12:08  Stargate  
  54  12:09  Probe (Chrono Boost)  
  56  12:10  Stargate  
  56  12:13  Stargate  
  56  12:20  Probe (Chrono Boost)  
  56  12:23  Probe (Chrono Boost)  
  58  12:36  Observer  
  60  12:42  Extended Thermal Lance  
  60  12:46  Colossus  
  65  12:57  Conservator  
  65  12:58  Conservator x3  
  65  12:59  Adept  
  75  13:00  Adept  
  75  13:06  Observer  
  78  14:01  Colossus  
  84  14:12  Gravitic Boosters  
  84  14:16  Adept x4  
  84  14:17  Adept x2  
  96  15:03  Colossus  
Show
View Real Time Build Order
Export as new Build Order

Nightningale Terran 

Build Orders:  

Get SALT Encoding   

  12  0:03  SCV  
  13  0:20  SCV  
  13  0:27  Supply Depot  
  14  0:37  SCV  
  15  0:40  Refinery  
  15  0:53  SCV  
  16  1:07  Barracks  
  16  1:10  SCV  
  17  1:27  SCV  
  18  1:40  Barracks Tech Lab  
  18  1:42  Unknown  
  18  1:44  Orbital Command  
  18  2:24  SCV  
  18  2:25  Command Center  
  19  2:30  Marine  
  20  2:41  SCV  
  20  2:44  Marine  
  22  2:56  Supply Depot  
  22  2:57  Marine  
  22  3:07  SCV  
  24  3:14  Marine  
  24  3:18  Barracks  
  25  3:24  Marine, SCV  
  27  3:31  Stabilizer Medpacks  
  27  3:34  Marine  
  28  3:41  SCV  
  29  3:56  Barracks Reactor  
  29  3:58  Refinery, SCV  
  30  4:02  Supply Depot  
  30  4:07  Factory  
  30  4:18  Orbital Command  
  30  4:20  SCV  
  31  4:34  Medic  
  31  4:36  Concussive Shells  
  31  4:37  SCV  
  34  4:54  SCV  
  34  4:58  SCV  
  34  4:59  Marauder  
  36  5:03  Marine  
  36  5:04  Marine  
  36  5:09  Factory Tech Lab  
  40  5:11  Marine, SCV  
  40  5:15  SCV  
  40  5:17  Engineering Bay  
  43  5:22  Marine  
  43  5:24  Engineering Bay  
  43  5:27  Marine x2  
  43  5:28  SCV  
  45  5:32  SCV  
  48  5:42  Advanced Siege Tech  
  48  5:47  SCV  
  48  5:49  SCV  
  50  5:50  Marine  
  50  5:51  Marauder  
  53  6:01  Terran Infantry Weapons Level 1  
  53  6:02  Terran Infantry Armor Level 1  
  53  6:04  SCV  
  53  6:07  Armory  
  54  6:19  SCV  
  45  6:34  Marine x2, Marauder  
  45  6:38  SCV x2  
  45  6:39  Barracks x2  
  51  6:44  Marine  
  52  7:03  Marauder  
  54  7:13  Supply Depot  
  54  7:14  Marine x2  
  54  7:16  SCV x2  
  54  7:19  Supply Depot  
  58  7:24  Marine x2  
  58  7:28  Barracks Tech Lab  
  60  7:32  Barracks Reactor  
  60  7:33  SCV x2  
  60  7:36  Advanced Optics  
  61  7:50  Siege Tank, SCV  
  61  7:52  Marine x2, Marauder  
  61  7:55  Marine  
  70  8:19  Refinery  
  70  8:45  Terran Infantry Armor Level 2, Terran Infantry Weapons Level 2  
  70  8:49  Marine  
  70  8:52  Marine x2  
  70  8:54  Marine x2, SCV  
  70  8:55  Marine  
  70  8:56  SCV  
  68  9:00  Marauder  
  68  9:02  Marine  
  68  9:04  Marine  
  68  9:05  Marine x2  
  70  9:11  Marine, Supply Depot  
  70  9:12  Marauder  
  70  9:13  Marine  
  70  9:14  SCV x2  
  70  9:15  Supply Depot  
  70  9:16  Marine  
  70  9:17  Supply Depot  
  77  9:20  Siege Tank  
  77  9:21  Marine  
  77  9:23  Marine x2, Medic  
  77  9:25  Marauder  
  77  9:26  Marine  
  77  9:27  Barracks  
  88  9:31  SCV  
  88  9:35  Medic  
  88  9:36  Terran Vehicle and Ship Weapons Level 1  
  88  9:37  Medic  
  92  9:54  Marine x2, Marauder  
  92  9:58  Siege Tank  
  92  10:09  Marine x4, Marauder  
  88  10:14  Barracks Tech Lab  
  88  10:17  Marine, Supply Depot x2  
  88  10:19  Supply Depot  
  94  10:24  Barracks  
  94  10:25  Siege Tank  
  94  10:26  Siege Tank  
  94  10:34  Marine x5, Siege Tank, Marauder  
  94  10:38  Medic  
  100  10:45  Medic  
  100  10:46  Medic  
  100  10:48  Medic  
  100  10:49  Marine  
  66  10:50  Marine x3  
  104  10:55  Marauder  
  104  10:56  Marine  
  104  10:58  Marine  
  104  10:59  Marine  
  113  11:03  Siege Tank x3  
  113  11:04  Marine  
  113  11:05  Barracks Reactor  
  113  11:07  Marauder  
  113  11:08  Supply Depot  
  118  11:27  Marine, Siege Tank x2, Medic, Marauder  
  112  11:50  Marine x4, Marauder  
  112  11:55  Marine x3, Marauder  
  112  11:58  Supply Depot  
  123  12:00  Marine x2  
  123  12:05  Supply Depot  
  123  12:06  Terran Infantry Weapons Level 3, Terran Infantry Armor Level 3  
  123  12:28  Marine x3, Medic x3  
  123  12:35  Supply Depot  
  132  12:40  Supply Depot x2  
  123  13:12  Marine x3, Marauder  
  123  13:13  Marine x3  
  130  13:23  Marine  
  130  13:24  Marine x5, Marauder  
  130  13:25  Marauder x2  
  130  13:29  Terran Vehicle and Ship Weapons Level 2  
  134  13:33  Marine  
  134  13:34  Marine  
  134  13:36  Medic  
  134  13:37  Medic  
  134  13:38  Marauder  
  138  13:43  Siege Tank  
  142  13:56  Marine x6, Marauder  
  142  13:57  Marine x2  
  142  13:58  Siege Tank  
  151  14:07  Medic x2  
  153  14:16  Marine x4, Marauder  
  159  14:23  Marine x3, Marauder  
  159  14:26  Siege Tank  
  159  14:29  Marine x3, Marauder  
  152  14:38  Marine x2, Marauder  
  152  14:39  Marine x2  
  163  14:57  Marine  
  163  14:58  Marine x2, Marauder  
  156  15:03  Marine x4, Marauder  
  156  15:08  Marine  
  165  15:15  Supply Depot  
  165  15:17  Supply Depot  
  166  15:33  Marine x2  
  166  15:34  Marauder  
  167  15:43  Siege Tank  
  167  15:44  Siege Tank  
Tags
 
Commander
FenixRaynor
League
Silver
Matchup
Co-op
Add a new tag
Caveats
  • Supply blocks, unpowered buildings, or Contaminate may cause inaccurate times.
  • Supply counts are checked every 10 seconds.